 Dungeon Crawl Stone Soup version 0.29.1-2-gbd0b4ee654 (webtiles) character file.

Game seed: 5930435572619803575

6202 raph the Frost Mage (level 10, -5/81 HPs)
             Began as a Red Draconian Ice Elementalist on Nov 2, 2022.
             Was a Believer of Vehumet.
             Slain by a centaur warrior
             ... wielding the +9 shortbow of Trauma {vorpal, Will+ Dex+2}
              (6 damage)
             ... on level 8 of the Dungeon.
             The game lasted 00:18:00 (14041 turns).

raph the Frost Mage (DrIE)                         Turns: 14041, Time: 00:18:01

Health: -5/81      AC: 17    Str: 11    XL:     10   Next: 61%
Magic:  6/18       EV: 12    Int: 20    God:    Vehumet [**....]
Gold:   297        SH:  0    Dex: 11    Spells: 2/20 levels left

rFire   + . .      SeeInvis +   h - +1 war axe (elec)
rCold   + . .      Faith    .   (no shield)
rNeg    . . .      Spirit   .   (body armour unavailable)
rPois   .          Reflect  .   (helmet restricted)
rElec   .          Harm     .   (no cloak)
rCorr   .          Rampage  .   u - +0 pair of gloves {infuse}
Will    .....                   w - +0 pair of boots
Stlth   ++........              (no amulet)
HPRegen 0.23/turn               v - ring of protection from cold
MPRegen 0.16/turn               r - ring of see invisible

@: lethally poisoned (-5 -> -13), ice-armoured, short of breath, freezing walls,
slowed, very slow
A: breathe fire, AC +7, unfitting armour, fire resistance 1, cold-blooded
a: Breathe Fire, Renounce Religion


You were on level 8 of the Dungeon.
You worshipped Vehumet.
Vehumet was pleased with you.
You visited 2 branches of the dungeon, and saw 9 of its levels.
You also visited: Ossuary.

You collected 394 gold pieces.
You spent 97 gold pieces at shops.

Inventory:

Hand Weapons
 c - a +0 vorpal short sword
 h - a +1 war axe of electrocution (weapon)
Missiles
 q - 4 poisoned darts
 t - a throwing net
 z - 2 boomerangs of dispersal
 A - 4 javelins
Armour
 u - a +0 pair of gloves of infusion (worn)
 w - a +0 pair of boots (worn)
Jewellery
 g - a ring of protection from cold
 r - a ring of see invisible (right hand)
 v - a ring of protection from cold (left hand)
 G - a ring of flight
Wands
 B - a wand of flame (19)
 E - a wand of charming (9)
 J - a wand of iceblast (10)
Scrolls
 b - 3 scrolls of poison
 s - 8 scrolls of teleportation
 y - a scroll of blinking
 C - a scroll of magic mapping
 D - a scroll of amnesia
 F - a scroll of summoning
 I - a scroll of identify
Potions
 a - a potion of magic
 d - a potion of resistance {unknown}
 e - 6 potions of lignification
 f - a potion of invisibility {unknown}
 i - 5 potions of brilliance
 j - a potion of flight {unknown}
 k - a potion of degeneration {unknown}
 l - 2 potions of heal wounds {unknown}
 m - 3 potions of mutation {unknown}
 n - 2 potions of attraction {unknown}
 o - 3 potions of haste {unknown}
 p - 4 potions of curing
 x - a potion of berserk rage {unknown}
 H - a potion of might


   Skills:
 + Level 5.0 Fighting
 + Level 3.6 Axes
 - Level 1.7 Dodging
 - Level 1.7 Stealth
 + Level 5.9 Spellcasting
 * Level 4.7 Conjurations
 + Level 3.9 Fire Magic
 - Level 8.4 Ice Magic
 + Level 8.0 Poison Magic


You had 2 spell levels left.
You knew the following spells:

 Your Spells              Type           Power      Damage    Failure   Level
a - Freeze                Ice            100%       1d11      1%          1
b - Frozen Ramparts       Ice            78%        1d12      1%          3
c - Ozocubu's Armour      Ice            39%        N/A       1%          3
d - Sting                 Tmut/Pois      84%        1d7       1%          1
e - Olgreb's Toxic Radia  Pois           37%        N/A       4%          4
f - Foxfire               Conj/Fire      92%        2x1d8     1%          1
g - Hailstorm             Conj/Ice       32%        3d8       7%          4
h - Magic Dart            Conj           100%       1d8       1%          1

Your spell library contained the following spells:

 Spells                   Type           Power      Damage    Failure   Level
 Poisonous Vapours        Pois/Air       42%        N/A       3%          2


Dungeon Overview and Level Annotations

Branches:
Dungeon (8/15)             Temple (1/1) D:7         Ossuary (visited)
   Lair: D:8-11

Altars:
Ashenzari
Cheibriados
Dithmenos
Elyvilon
Fedhas
Gozag
Hepliaklqana
Kikubaaqudgha
Makhleb
Nemelex Xobeh
Okawaru
Qazlal
Ru
Sif Muna
Trog
Vehumet
Wu Jian
Xom
Yredelemnul
The Shining One

Shops:
D:7 *(

Annotations:
D:6 1 runed translucent door, MisterFreud's ghost, weakling GnDe


Innate Abilities, Weirdness & Mutations

You can breathe blasts of fire.
Your fiery red scales are hard. (AC +7)
You cannot fit into any form of body armour.
Your flesh is heat resistant. (rF+)
You are cold-blooded and may be slowed by cold attacks.


Message History

The vampire mosquito is heavily damaged.
The wall freezes the vampire mosquito but does no damage.
The vampire mosquito misses you.
The wall freezes the centaur warrior.
The wall freezes the vampire mosquito.
The vampire mosquito closely misses you.
The wall freezes the kobold brigand.
The kobold brigand throws a curare-tipped dart.
The curare-tipped dart hits you.
You are poisoned.
You have difficulty breathing.
* * * LOW HITPOINT WARNING * * *
You feel yourself slow down.
The wall freezes the centaur warrior.
The centaur warrior hits you but does no damage.
The centaur warrior kicks you but does no damage.
The wall freezes the vampire mosquito.
The vampire mosquito bites you but does no damage.
You barely miss the vampire mosquito.
The vampire mosquito is severely damaged.
You barely miss the centaur warrior.
You feel extremely sick.
The wall freezes the vampire mosquito.
The vampire mosquito barely misses you.
The wall freezes the centaur warrior.
The centaur warrior hits you but does no damage.
The centaur warrior kicks you but does no damage.
The wall freezes the vampire mosquito.
The vampire mosquito closely misses you.
A basilisk comes into view.
The wall freezes the kobold brigand.
The kobold brigand throws a curare-tipped dart.
The curare-tipped dart misses you.
The wall freezes the centaur warrior.
The centaur warrior hits you with the +9 shortbow of Trauma {vorpal, Will+ Dex+2}!
* * * LOW HITPOINT WARNING * * *
The centaur warrior kicks you but does no damage.
The wall freezes the vampire mosquito.
The vampire mosquito bites you!
* * * LOW HITPOINT WARNING * * *
The vampire mosquito draws strength from your injuries!
The wall freezes the kobold brigand!
The wall freezes the centaur warrior but does no damage.
The centaur warrior hits you with the +9 shortbow of Trauma {vorpal, Will+ Dex+2}.
You die...

.#..######## ##...### ..#..#
#.#.#.# _....# ## #.....##
....)# ##. #......# _....# #
.. #.##..## ..#..# #. #K
.#.##.## .⌠..## #####l °#
.##..#.#
...######..###.##.##.##.....#
).###...).[.# #c@#..##..###.#
####.############y###..####.#
..###........##....:#.##....#
..###########.#)##.##.#..####
...#.........#.## ###...##
..#.############ #.###
..##....... #.# ###########
########.# ...## ##........#


You could see a centaur warrior (reflecting), a basilisk, a vampire mosquito and
a kobold brigand.

Vanquished Creatures
  A two-headed ogre (D:8)
  Psyche (D:8)
  A troll (D:8)
  A hornet (D:8)
  Sigmund (D:2)
  A wraith (D:8)
  2 wyverns
  A basilisk (D:8)
  A vampire mosquito (D:8)
  3 steam dragons
  3 water moccasins
  3 orc warriors (D:8)
  An ice beast (D:8)
  A black bear (D:5)
  4 sky beasts
  A centaur (D:8)
  3 ogres
  An elf zombie (Ossuary)
  3 kobold brigands
  3 bullfrogs (D:8)
  3 scorpions
  8 wights
  4 killer bees
  A howler monkey (D:8)
  2 jellies
  2 centaur zombies (Ossuary)
  2 human zombies (Ossuary)
  A hound (D:5)
  4 orc priests
  2 iguanas
  Natasha (twice) (D:2)
  7 orc wizards
  2 mummies (Ossuary)
  7 adders
  4 gnolls (D:4)
  3 shadow imps
  4 white imps
  3 ufetubi
  2 adder zombies (Ossuary)
  An adder skeleton (D:2)
  3 worms
  5 dart slugs
  37 orcs
  9 endoplasms
  2 giant cockroaches (D:2)
  6 hobgoblins
  4 quokkas
  6 ball pythons
  A ball python skeleton (D:2)
  3 bats
  3 frilled lizards (D:1)
  8 goblins
  5 hobgoblin zombies (Ossuary)
  3 jackal zombies (Ossuary)
  10 kobolds
  9 kobold zombies (Ossuary)
  11 orc zombies (Ossuary)
  5 rats
  2 rat zombies (Ossuary)
232 creatures vanquished.

Vanquished Creatures (others)
  45 foxfires
  A withered plant (D:2)
46 creatures vanquished.

Grand Total: 278 creatures vanquished

Notes
Turn   | Place    | Note
-------+----------+-------------------------------------------
     0 | D:1      | raph the Draconian Ice Elementalist began the quest for the
                  | Orb.
     0 | D:1      | Reached XP level 1. HP: 14/14 MP: 3/3
   307 | D:1      | Reached XP level 2. HP: 9/20 MP: 0/5
  1285 | D:1      | Found a faded altar of an unknown god.
  1309 | D:1      | Reached skill level 5 in Ice Magic
  1491 | D:1      | Reached XP level 3. HP: 26/26 MP: 6/6
  1495 | D:1      | Learned a level 3 spell: Frozen Ramparts
  2319 | D:2      | Reached XP level 4. HP: 30/33 MP: 3/7
  2357 | D:2      | Noticed Natasha
  2361 | D:2      | Killed Natasha
  2366 | D:2      | Learned a level 3 spell: Ozocubu's Armour
  2498 | D:2      | Noticed Natasha
  2505 | D:2      | Killed Natasha
  2615 | D:2      | Noticed Sigmund
  2640 | D:2      | Killed Sigmund
  2641 | D:2      | Reached XP level 5. HP: 17/38 MP: 4/8
  2641 | D:2      | Reached XP level 6. HP: 20/45 MP: 4/9
  5219 | D:4      | Your scales start taking on a fiery red colour.
  5219 | D:4      | Reached XP level 7. HP: 50/50 MP: 3/10
  5219 | D:4      | Gained mutation: Your flesh is heat resistant. (rF+) [Red
                  | Draconian growth]
  5226 | D:4      | Learned a level 1 spell: Sting
  5707 | D:5      | Entered Level 5 of the Dungeon
  6020 | D:5      | Reached skill level 1 in Poison Magic
  7280 | D:6      | Reached XP level 8. HP: 53/57 MP: 6/12
  7412 | D:6      | Found a shadowy altar of Dithmenos.
  7542 | D:6      | Found an ornate altar of the Wu Jian Council.
  7657 | D:6      | Found a runed translucent door.
  7679 | D:6      | Noticed MisterFreud's ghost (weakling GnDe)
  8262 | D:6      | Reached skill level 5 in Poison Magic
  8766 | D:6      | Reached skill level 1 in Fighting
  9079 | D:7      | Found Haibe's General Store.
  9084 | D:7      | Bought a scroll of magic mapping for 97 gold pieces
  9173 | D:7      | Found Ele Ziyss's Weapon Emporium.
  9427 | D:7      | Found a staircase to the Ecumenical Temple.
  9439 | D:7      | Reached XP level 9. HP: 63/67 MP: 8/15
  9445 | Temple   | Entered the Ecumenical Temple
  9547 | Temple   | Became a worshipper of Vehumet
 10576 | D:8      | Reached skill level 1 in Axes
 10585 | D:8      | Reached skill level 5 in Spellcasting
 10673 | D:8      | Learned a level 4 spell: Olgreb's Toxic Radiance
 10757 | D:8      | Found a shimmering blue altar of Sif Muna.
 10807 | D:8      | Found a sand-covered staircase.
 10811 | Ossuary  | Entered an ossuary
 10888 | Ossuary  | Reached * piety under Vehumet
 10888 | Ossuary  | Offered knowledge of Foxfire by Vehumet.
 10913 | Ossuary  | Learned a level 1 spell: Foxfire
 11308 | Ossuary  | Reached skill level 1 in Conjurations
 11318 | Ossuary  | Reached skill level 1 in Fire Magic
 11334 | Ossuary  | Offered knowledge of Magic Dart by Vehumet.
 11420 | D:8      | Noticed Psyche
 11428 | D:8      | Reached ** piety under Vehumet
 11433 | D:8      | Killed Psyche
 12219 | D:8      | Reached XP level 10. HP: 53/78 MP: 15/18
 12732 | D:8      | Found a shimmering blue altar of Sif Muna.
 12734 | D:8      | Found a burning altar of Makhleb.
 12734 | D:8      | Found a shimmering blue altar of Sif Muna.
 12734 | D:8      | Found a shimmering blue altar of Sif Muna.
 12780 | D:8      | Noticed a two-headed ogre
 12826 | D:8      | Killed a two-headed ogre
 13277 | D:8      | Found a white marble altar of Elyvilon.
 13367 | D:8      | Learned a level 4 spell: Hailstorm
 13369 | D:8      | Learned a level 1 spell: Magic Dart
 13764 | D:8      | Noticed a brown ugly thing
 13948 | D:8      | Reached skill level 5 in Fighting
 14037 | D:8      | Identified the +9 shortbow of Trauma {vorpal, Will+ Dex+2}
 14037 | D:8      | Identified the amulet of Cob Qioc {Reflect Int+6 SH+5}
 14037 | D:8      | Noticed a centaur warrior
 14041 | D:8      | HP: 1/81 [vampire mosquito (8)]
 14041 | D:8      | Slain by a centaur warrior

Illustrated notes

Levels and vault maps discovered:
D:1:      dpeg_arrival_shrine, layout_basic, ebering_ecumenical_altar_webs
D:2:      minmay_spotlight, layout_rooms, serial_undead, serial_undead_e,
          serial_undead_f, serial_undead_b, serial_undead_a, uniq_natasha,
          uniq_sigmund
D:3:      layout_loops_corners
D:4:      layout_basic, serial_curves, eino_curves_02, eino_curves_02,
          nicolae_hexahallways, grunt_decor_fettered
D:5:      layout_basic, kennysheep_diamond
D:6:      layout_cave_pools, nicolae_dithmenos_the_darkroom, kennysheep_mini,
          ebering_ghost_sewer_d
D:7:      layout_loops_corners, minmay_temple_entry_statues_fountains,
          serial_shops, nicolae_shop_stone, shop, kennysheep_doodads
D:8:      minmay_the_grid_octo_tiled_squarecenter [minmay_the_grid_octo_shrine,
          minmay_the_grid_octo_toaster, minmay_the_grid_octo_checkerflower,
          minmay_the_grid_octo_horde, minmay_the_grid_square_5x5_megaprize_open,
          minmay_the_grid_square_5x5_n, minmay_the_grid_square_5x5_one_wall,
          minmay_the_grid_square_5x5_n_small, minmay_the_grid_square_5x5_z],
          layout_cave_pools, led_sif_pool, nicolae_elyvilon_peaceful_grove,
          enter_ossuary_5, uniq_psyche
Temple:   nicolae_temple_x_marks_the_god

Skill      XL: |  1  2  3  4  5  6  7  8  9 10 |
---------------+-------------------------------+-----
Ice Magic      | 5 7 7 8 |  8.4
Poison Magic   | 3 6 7 8 |  8.0
Spellcasting   | 3 4 5 |  5.9
Fighting       | 2 4 5 |  5.0
Axes           | 2 3 |  3.6
Conjurations   | 2 4 |  4.7
Fire Magic     | 2 3 |  3.9
Dodging        | |  1.7
Stealth        | |  1.7

Action                   |  1- 3 |  4- 6 |  7- 9 | 10-12 || total
-------------------------+-------+-------+-------+-------++-------
Melee: Unarmed           |    21 |       |       |       ||    21
       Tailslap          |     3 |     5 |    22 |     6 ||    36
       War axe           |    39 |    37 |   201 |    43 ||   320
       Short sword       |     4 |       |       |       ||     4
       Punch             |     1 |       |     2 |       ||     3
Throw: Dart              |       |     4 |       |       ||     4
 Cast: Freeze            |    27 |       |     7 |       ||    34
       Frozen Ramparts   |     7 |    27 |    30 |    10 ||    74
       Ozocubu's Armour  |       |     3 |     9 |     5 ||    17
       Foxfire           |       |       |    25 |     2 ||    27
       Olgreb's Toxic Ra |       |       |     2 |     6 ||     8
       Hailstorm         |       |       |       |     2 ||     2
       Magic Dart        |       |       |       |     1 ||     1
 Abil: Breathe Fire      |       |       |    19 |     3 ||    22
  Use: Scroll            |     2 |     5 |     5 |       ||    12
       Potion            |       |     1 |       |       ||     1
 Stab: Sleeping          |     2 |     2 |       |     1 ||     5
       Distracted        |       |       |     1 |       ||     1
Armor: Skin              |    26 |    15 |   126 |    32 ||   199
Dodge: Dodged            |    60 |    36 |   192 |    42 ||   330
